 Dungeon Crawl Stone Soup version 0.18.1-8-gdd0e5ea (webtiles) character file.

86 Gargoyl the Skirmisher (level 4, -3/37 HPs)
             Began as a Demonspawn Abyssal Knight on June 10, 2016.
             Was a Follower of Lugonu.
             Killed from afar by an orc wizard (5 damage)
             ... with a puff of flame
             ... on level 3 of the Dungeon.
             The game lasted 00:03:58 (2114 turns).

Gargoyl the Skirmisher (Demonspawn Abyssal Knight)  Turns: 2114, Time: 00:03:58

Health: -3/37      AC: 11    Str: 18    XL:     4   Next: 27%
Magic:  6/6        EV:  5    Int: 13    God:    Lugonu [*.....]
Gold:   192        SH:  0    Dex: 13    Spells: 0 memorised, 3 levels left

rFire  . . .     SeeInvis .     a - +1 hand axe
rCold  . . .     Gourm    .     d - +0 plate armour
rNeg   . . .     Faith    .     (no shield)
rPois  .         Spirit   .     (no helmet)
rElec  .         Dismiss  .     (no cloak)
rCorr  .         Reflect  .     (no gloves)
SustAt .         Harm     .     (no boots)
MR     .....                    (no amulet)
Stlth  ..........               (no ring)
                                (no ring)

@: mighty, not resistant to hostile enchantments, extremely unstealthy
A: claws 1, nightstalker 1, rot immunity
a: Depart the Abyss, Renounce Religion


You were on level 3 of the Dungeon.
You worshipped Lugonu.
Lugonu was aware of your devotion.
You were not hungry.

You visited 1 branch of the dungeon, and saw 3 of its levels.
You visited the Abyss 1 time.

You collected 192 gold pieces.

Inventory:

Hand Weapons
 a - a +1 hand axe (weapon)
Armour
 d - a +0 plate armour (worn)
Wands
 b - a wand of confusion (28/48)
Scrolls
 f - a scroll of fear {unknown}
 g - 2 scrolls of fog {unknown}
 i - 2 scrolls of remove curse {unknown}
 j - a scroll of random uselessness {unknown}
 k - 2 scrolls of identify {unknown}
 p - a scroll of teleportation {unknown}
 s - a scroll of amnesia {unknown}
 t - a scroll of blinking {unknown}
Potions
 e - 2 potions of flight
 n - a potion of brilliance {unknown}
 q - a potion of lignification {unknown}
 r - a potion of invisibility {unknown}
 u - a potion of agility {unknown}
Comestibles
 c - 2 bread rations


   Skills:
 + Level 3.8 Fighting
 + Level 2.1 Axes
 * Level 3.0 Armour
 + Level 1.0 Dodging
 + Level 2.8 Invocations


You had 3 spell levels left.
You didn't know any spells.

Dungeon Overview and Level Annotations

Branches:
Dungeon (3/15)

Altars:
Makhleb

Annotations:
D:3 Sigmund


Innate Abilities, Weirdness & Mutations

You have sharp fingernails.
You are slightly more attuned to the shadows.
You are immune to rotting.


Message History

Your plate armour prevents you from hitting the goblin.
You hit the orc.
The orc is moderately wounded.
The goblin hits you but does no damage. The orc hits you but does no damage.
Sigmund hits you but does no damage. The rat bites you.
The orc wizard hits you with a dagger. The orc hits you with a war axe!
* * * LOW HITPOINT WARNING * * *
A goblin comes into view.
Drink which item? (? for menu, Esc to quit)
It was a potion of might.
You feel very mighty all of a sudden.
The goblin shouts!
The orc hits you but does no damage. The goblin barely misses you.
The rat bites you.
* * * LOW HITPOINT WARNING * * *
Sigmund hits you from afar with a scythe.
* * * LOW HITPOINT WARNING * * *
The orc wizard points at you and mumbles some strange words.
The puff of flame hits you!
You die...

#.# #.#
#.##..........
#.##..........
#.##..........
#.##..........
#.##.....@....
#.##...go.....
#.##..o@o.....
#.##....r.....
#.##........g.
#.##..........
#.##..........
#.##..........
#.##.†........
#.##..........
#.##..........


You could see Sigmund, an orc wizard, 2 orcs, 2 goblins and a rat.

Vanquished Creatures
  An orc priest (D:3)
  An ooze (D:1)
  A worm (D:2)
  A giant gecko (D:2)
  4 orcs (D:3)
  4 bats (D:1)
  6 giant cockroaches
  3 hobgoblins
  7 kobolds
  A quokka (D:3)
  2 ball pythons
  A giant newt (D:2)
  8 goblins
  4 rats
44 creatures vanquished.

Notes
Turn   | Place    | Note
--------------------------------------------------------------
     0 | Abyss:1  | Gargoyl the Demonspawn Abyssal Knight began the quest for the Orb.
     0 | Abyss:1  | Reached XP level 1. HP: 18/18 MP: 2/2
    77 | Abyss:3  | Noticed a large abomination
    86 | Abyss:3  | Noticed a raiju
    86 | Abyss:3  | Noticed a raiju
    86 | Abyss:3  | Noticed a raiju
    87 | D:1      | Escaped the Abyss
   221 | D:1      | Gained mutation: You are slightly more attuned to the shadows. [demonic ancestry]
   221 | D:1      | Reached XP level 2. HP: 20/24 MP: 3/3
   309 | D:1      | Reached * piety under Lugonu
   694 | D:2      | Found a faded altar to an unknown god.
   708 | D:2      | Gained mutation: You are immune to rotting. [demonic ancestry]
   708 | D:2      | Reached XP level 3. HP: 19/29 MP: 4/4
  1216 | D:3      | HP: 1/29 [poisoned by a kobold]
  1526 | D:3      | Found a burning altar of Makhleb.
  1798 | D:3      | Reached skill level 1 in Dodging
  1798 | D:3      | Gained mutation: You have sharp fingernails. [demonic ancestry]
  1798 | D:3      | Reached XP level 4. HP: 14/37 MP: 6/6
  2109 | D:3      | Noticed Sigmund
  2114 | D:3      | Killed from afar by an orc wizard

Skill      XL: |  1  2  3  4 |
---------------+-------------+-----
Armour         | 2 3 |  3.0
Axes           | 2 |  2.1
Dodging        | 1 |  1.0
Fighting       | |  3.8
Invocations    | |  2.8

Action                   |  1- 3 |  4- 6 || total
-------------------------+-------+-------++-------
Melee: Hand axe          |   153 |    18 ||   171
Invok: Depart the Abyss  |     1 |       ||     1
  Use: Potion            |     4 |     1 ||     5
  Eat: Fruit             |     3 |       ||     3
       Chunk             |       |     2 ||     2
Armor: Plate armour      |   179 |    25 ||   204
Dodge: Dodged            |    35 |     4 ||    39
